 Dungeon Crawl Stone Soup version 0.30-a0-371-gad7725a93e (webtiles) character file.

Game seed: 2107866118771806401

1778 porpoise the Digger (level 9, 0/53 HPs)
             Began as a Gargoyle Earth Elementalist on Nov 23, 2022.
             Killed from afar by Dowan (15 damage)
             ... with a shard of ice
             ... on level 6 of the Dungeon.
             The game lasted 00:29:55 (6097 turns).

porpoise the Digger (Gargoyle Earth Elementalist)   Turns: 6097, Time: 00:29:56

Health: 0/53       AC: 15    Str: 13    XL:     9   Next: 8%
Magic:  3/16       EV: 26    Int: 19    God:
Gold:   182        SH:  0    Dex: 10    Spells: 12/18 levels left

rFire   . . .      SeeInvis .    a - +0 short sword
rCold   . . .      Faith    .    (no shield)
rNeg    + + .      Spirit   .    h - +0 robe
rPois   ∞          Reflect  .    o - +0 helmet
rElec   +          Harm     .    x - +2 cloak {Will+}
rCorr   .          Rampage  .    D - +2 pair of gloves
Will    +....                    (no boots)
Stlth   ++........               u - amulet of the acrobat
HPRegen 0.28/turn                A - ring of positive energy
MPRegen 0.15/turn                r - +4 ring of slaying

@: on berserk cooldown, acrobatic, slowed, very slow
A: sickness immunity, AC +6, negative energy resistance 1, electricity
resistance, torment resistance 1, petrification resistance
a: no special abilities


You were on level 6 of the Dungeon.
You visited 1 branch of the dungeon, and saw 6 of its levels.

You collected 294 gold pieces.
You spent 112 gold pieces at shops.

Inventory:

Hand Weapons
 a - a +0 short sword (weapon)
 b - a +0 sling
 l - a +0 dagger of holy wrath
Armour
 h - a +0 robe (worn)
 o - a +0 helmet (worn)
 v - +0 steam dragon scales
 x - a +2 cloak of willpower (worn)
 y - an orb of energy
 D - a +2 pair of gloves (worn)
Jewellery
 r - a +4 ring of slaying (right hand)
 u - an amulet of the acrobat (around neck)
 A - a ring of positive energy (left hand)
 B - a ring of resist corrosion
Wands
 z - a wand of flame (18)
Scrolls
 d - a scroll of fear {unknown}
 g - 6 scrolls of teleportation
 i - 2 scrolls of fog
 j - a scroll of vulnerability {unknown}
 q - a scroll of summoning {unknown}
 s - a scroll of enchant weapon {unknown}
 t - a scroll of amnesia
 C - 2 scrolls of noise {unknown}
Potions
 c - a potion of ambrosia
 e - 2 potions of curing
 f - a potion of flight
 k - 2 potions of heal wounds
 m - 2 potions of magic
 p - a potion of brilliance
 w - a potion of mutation


   Skills:
 + Level 4.9 Fighting
 - Level 1.5 Dodging
 - Level 2.1 Stealth
 - Level 5.0 Spellcasting
 + Level 6.7 Conjurations
 + Level 3.3 Transmutations
 - Level 7.0 Earth Magic


You had 12 spell levels left.
You knew the following spells:

 Your Spells              Type           Power      Damage    Failure   Level
a - Sandblast             Erth           62%        2d14      1%          1
b - Stone Arrow           Conj/Erth      60%        3d10      2%          3
k - Blink                 Tloc           8%         N/A       19%         2

Your spell library contained the following spells:

 Spells                   Type           Power      Damage    Failure   Level
 Passwall                 Tmut/Erth      20%        N/A       2%          2
 Momentum Strike          Conj/Tloc      34%        3d8       4%          2
 Wereblood                Tmut           17%        N/A       4%          2
 Mephitic Cloud           Conj/Pois/Air  13%        N/A       14%         3
 Petrify                  Tmut/Erth      24%        N/A       14%         4
 Poisonous Vapours        Pois/Air       8%         N/A       19%         2
 Lesser Beckoning         Tloc           8%         N/A       36%         3
 Summon Hydra             Summ           2%         N/A       100%        7
 Cigotuvi's Dreadful Rot  Necr/Pois/Air  Unusable   N/A       N/A         2
 Sublimation of Blood     Necr           Unusable   N/A       N/A         2

Dungeon Overview and Level Annotations

Branches:
Dungeon (6/15)
 Temple: D:4-7

Altars:
Ashenzari
Fedhas
Okawaru
Sif Muna
The Shining One

Shops:
D:4 *

Annotations:
D:3 3 runed translucent doors, purpskrrrp's ghost, weakling DEHu
D:6 Dowan


Innate Abilities, Weirdness & Mutations

You are immune to sickness and miasma.
Your stone body is resilient. (AC +6)
You are immune to poison.
You resist negative energy. (rN+)
You are resistant to electric shocks. (rElec)
You are resistant to unholy torment.
You are immune to petrification.


Message History

Duvessa is severely wounded.
Duvessa hits you with a +0 falchion. Duvessa closely misses you.
A red film seems to cover your vision as you go berserk!
You feel yourself moving faster!
You feel mighty! Duvessa hits you with a +0 falchion.
Duvessa closely misses you.
You hit Duvessa but do no damage.
Duvessa is severely wounded.
Dowan casts a spell.
Dowan blinks!
Duvessa closely misses you.
You completely miss Duvessa.
Duvessa is severely wounded.
Duvessa hits you with a +0 falchion.
You puncture Duvessa!
You kill Duvessa!
Dowan seems overcome with grief.
Dowan seems to find hidden reserves of power!
You have reached level 9!
Your experience leads to an increase in your attributes!
Increase (S)trength, (I)ntelligence, or (D)exterity?
You feel clever. x2
You hit the scorpion but do no damage.
Dowan mumbles some strange words.
Dowan blinks!
You closely miss the scorpion.
Dowan mumbles some strange words.
Dowan blinks!
The scorpion completely misses you.
You puncture the scorpion! You punch the scorpion.
You kill the scorpion!
Items here: ! )) ? [[ ††.
You feel a strong urge to attack something.
You are no longer berserk.
You are exhausted.
You feel yourself slow down.
Dowan points at you and mumbles some strange words.
The shard of ice misses you. Dowan closely misses you.
Dowan hits you with a +0 dagger.
* * * LOW HITPOINT WARNING * * *
Dowan casts a spell at you. The shard of ice hits you!
You die...

##### ...?.. ......
...[..########
.............####
..........@..)..#
......#..e##.##.#
.............##.#.#
##.#.....<...##^#.#
# #.....>...##.#.#
###........#.#.###
#....##.........
#....###....####
#.#.####.....##


You could see Dowan (fast).

Vanquished Creatures
  A wyvern (D:5)
  A yak (D:6)
  Eustachio (D:6)
  A steam dragon (D:6)
  Duvessa (D:6)
  3 water moccasins
  A phantom (D:5)
  A necrophage (D:5)
  A bullfrog (D:6)
  2 scorpions (D:6)
  A howler monkey (D:6)
  4 hounds
  2 jellies
  2 iguanas (D:6)
  2 orc wizards (D:4)
  2 gnolls
  7 adders
  3 worms
  10 orcs
  3 bats
  6 endoplasms
  8 goblins
  7 hobgoblins
  3 jackals (D:1)
  4 quokkas
  6 ball pythons
  3 frilled lizards
  11 kobolds
  6 rats
103 creatures vanquished.

Vanquished Creatures (others)
  A centaur (D:6)
  A kobold brigand (D:6)
  2 orcs (D:6)
  4 kobolds (D:6)
8 creatures vanquished.

Grand Total: 111 creatures vanquished

Notes
Turn   | Place    | Note
-------+----------+-------------------------------------------
     0 | D:1      | porpoise the Gargoyle Earth Elementalist began the quest
                  | for the Orb.
     0 | D:1      | Reached XP level 1. HP: 10/10 MP: 3/3
   322 | D:1      | Reached XP level 2. HP: 15/15 MP: 0/5
   402 | D:1      | Reached skill level 4 in Earth Magic
   611 | D:1      | Reached XP level 3. HP: 14/19 MP: 2/6
   804 | D:1      | Learned a level 3 spell: Stone Arrow
   807 | D:1      | Learned a level 2 spell: Blink
  1531 | D:2      | Reached skill level 1 in Conjurations
  1648 | D:2      | Reached XP level 4. HP: 24/24 MP: 8/8
  2093 | D:3      | Found a faded altar of an unknown god.
  2315 | D:3      | Reached skill level 5 in Earth Magic
  2453 | D:3      | Found a shimmering blue altar of Sif Muna.
  2672 | D:3      | Found a runed translucent gate.
  2673 | D:3      | Found a runed translucent gate.
  2674 | D:3      | Found a runed translucent gate.
  2676 | D:3      | Noticed purpskrrrp's ghost (weakling DEHu)
  2677 | D:3      | Identified the +3 scale mail of the Old World {Rampage
                  | Str+5 Int-5}
  2805 | D:3      | Reached XP level 5. HP: 23/28 MP: 5/9
  2977 | D:4      | Noticed a water moccasin
  2980 | D:4      | Killed a water moccasin
  2981 | D:4      | Reached XP level 6. HP: 31/32 MP: 7/11
  3085 | D:4      | Found a broken altar of Ashenzari.
  3424 | D:4      | Found Ytofuging's General Store.
  3737 | D:4      | Bought a scroll of amnesia for 56 gold pieces
  3737 | D:4      | Bought a scroll of fog for 56 gold pieces
  3897 | D:4      | Reached skill level 6 in Earth Magic
  4339 | D:5      | Entered Level 5 of the Dungeon
  4586 | D:5      | Noticed a wyvern
  4591 | D:5      | Killed a wyvern
  4592 | D:5      | Reached XP level 7. HP: 36/36 MP: 5/13
  4789 | D:5      | You fall into a shaft and drop 1 floor!
  4886 | D:5      | Reached skill level 7 in Earth Magic
  4998 | D:5      | Reached skill level 5 in Spellcasting
  4998 | D:5      | Reached skill level 5 in Conjurations
  4998 | D:5      | Reached XP level 8. HP: 41/44 MP: 11/15
  5373 | D:5      | Found a glowing golden altar of the Shining One.
  5373 | D:5      | Found an iron altar of Okawaru.
  5472 | D:6      | Found a blossoming altar of Fedhas.
  5478 | D:6      | Reached skill level 1 in Transmutations
  5478 | D:6      | Noticed a yak
  5486 | D:6      | Noticed Duvessa
  5494 | D:6      | Noticed Dowan
  5675 | D:6      | Noticed Eustachio
  6002 | D:6      | Killed a yak
  6008 | D:6      | Killed Eustachio
  6090 | D:6      | Killed Duvessa
  6091 | D:6      | Reached XP level 9. HP: 29/53 MP: 2/16
  6097 | D:6      | Killed from afar by Dowan

Illustrated notes

Levels and vault maps discovered:
D:1:      dpeg_arrival_stone_temple_mockup, layout_basic, skrybe_limestone_x
D:2:      layout_loops_ring, kennysheep_generic_room_15
D:3:      minmay_angry_zag, layout_rooms, nicolae_sif_muna_condensation,
          biasface_ghost_orc_armoury, shapermc_ecumenical_altar_pompeii,
          minmay_misc_feat_plants
D:4:      layout_loops_corners, lemuel_tele_altar, serial_shops,
          nicolae_inconvenience_store
D:5:      layout_basic, gammafunk_temple_overflow_elements
D:6:      layout_loops_ring, serial_shops, shop, st_stairs_1,
          hangedman_feature_mirror, lemuel_flamethrower_2, uniq_eustachio,
          uniq_duvessa

Skill      XL: |  1  2  3  4  5  6  7  8 |
---------------+-------------------------+-----
Earth Magic    | 4 5 6 7 |  7.0
Conjurations   | 1 2 4 5 6 |  6.7
Spellcasting   | 3 4 5 |  5.0
Fighting       | 2 4 |  4.9
Transmutations | 3 |  3.3
Dodging        | |  1.5
Stealth        | |  2.1

Action                   |  1- 3 |  4- 6 |  7- 9 || total
-------------------------+-------+-------+-------++-------
Melee: Unarmed           |    12 |       |       ||    12
       Short sword       |    35 |     1 |    39 ||    75
       Punch             |     1 |       |     2 ||     3
 Fire: Sling             |     2 |       |     5 ||     7
 Cast: Sandblast         |    52 |    76 |    43 ||   171
       Stone Arrow       |       |     2 |    13 ||    15
  Use: Scroll            |     3 |     5 |       ||     8
       Potion            |       |       |     1 ||     1
 Stab: Sleeping          |       |       |     2 ||     2
Armor: Robe              |    26 |     7 |    35 ||    68
Dodge: Dodged            |    41 |    10 |    66 ||   117

Table legend: (Time is in decaauts)
 A = Elapsed time spent in this place.
 B = Non-inter-level travel time spent in this place.
 C = Inter-level travel time spent in this place.
 D = Time resting spent in this place.
 E = Time spent auto-exploring this place.
 F = Levels seen in this place.
 G = Mean time per level.
                   A        B        C        D        E       F      G
               +--------+--------+--------+--------+--------+-----+--------+
         Total |   6178 |   5872 |    306 |   1315 |   3469 |   6 | 1029.7 |
       Dungeon |   6178 |   5872 |    306 |   1315 |   3469 |   6 | 1029.7 |
               +--------+--------+--------+--------+--------+-----+--------+

Top non-repeatable levels by time:
     D:5: 1390 daAuts
     D:4: 1381 daAuts
     D:1: 1342 daAuts
     D:3: 902 daAuts
     D:2: 774 daAuts
     D:6: 387 daAuts
